Map: Prion Terraces

Players

LMLelas - Winner!

  • Race: Zerg Zerg
  • League: Silver

ROADKILL

  • Race: Protoss Protoss

VOD

Have the link to the VOD?

Description

Time

  • Played on: May 15, 2016, 5:23 p.m.
  • Length: 16:02
Show
View Real Time Build Order
Export as new Build Order

LMLelas Zerg - Winner!

Build Orders: Hatch First 

Get SALT Encoding   

  12  0:02  Drone  
  13  0:08  Drone  
  14  0:15  Extractor  
  14  0:16  Drone  
  15  0:22  Overlord  
  15  0:41  Drone  
  15  0:42  Drone  
  17  0:49  Drone  
  18  0:59  Drone  
  18  1:01  Hatchery  
  18  1:14  Spawning Pool  
  18  1:15  Drone  
  18  1:20  Extractor  
  18  1:23  Overlord  
  17  2:01  Zergling x6  
  19  2:02  Queen  
  22  2:14  Queen  
  24  2:18  Drone x2  
  26  2:50  Queen  
  28  2:56  Metabolic Boost  
  28  2:59  Drone x6  
  34  3:08  Extractor  
  33  3:19  Overlord  
  33  3:20  Overlord  
  33  4:01  Drone  
  33  4:02  Drone x7  
  41  4:05  Extractor  
  41  4:09  Extractor  
  36  4:44  Lair, Roach Warren  
  35  5:09  Evolution Chamber  
  35  5:13  Evolution Chamber  
  33  5:19  Overlord x3  
  33  5:27  Roach  
  35  5:42  Zerg Missile Weapons Level 1  
  35  5:43  Glial Reconstitution, Zerg Ground Armor Level 1  
  35  5:46  Roach x9  
  35  5:47  Roach x3  
  59  5:50  Hatchery  
  58  6:05  Overseer  
  58  6:25  Drone  
  58  6:26  Overlord x4, Drone  
  49  7:24  Spore Crawler  
  47  7:39  Queen  
  47  7:42  Queen  
  48  8:11  Drone  
  48  8:12  Drone x21  
  70  8:34  Spore Crawler  
  69  9:12  Zerg Missile Weapons Level 2, Hydralisk Den  
  69  9:13  Zerg Ground Armor Level 2  
  68  9:24  Infestation Pit  
  67  9:38  Drone x3  
  68  9:39  Drone x3  
  68  9:40  Roach x4  
  68  9:41  Drone x3  
  68  9:42  Overlord x2  
  68  9:43  Overlord  
  79  10:37  Roach  
  79  10:38  Roach x22  
  79  10:39  Roach  
  77  11:14  Roach x5  
  77  11:15  Roach x4  
  78  11:44  Hive  
  78  11:46  Lurker Den  
  78  11:50  Queen  
  80  11:58  Spine Crawler  
  79  12:04  Spine Crawler  
  78  12:12  Queen  
  80  12:17  Spore Crawler  
  79  12:25  Queen  
  81  13:04  Zerg Missile Weapons Level 3  
  81  13:05  Zerg Ground Armor Level 3  
  81  13:12  Hydralisk  
  81  13:13  Hydralisk x15  
  81  13:15  Overlord  
  81  13:16  Overlord x4  
  113  13:32  Hatchery  
  112  13:37  Ultralisk Cavern  
  111  13:56  Overseer  
  111  13:57  Overseer  
  111  14:23  Hydralisk  
  111  14:24  Hydralisk x16  
  145  14:46  Overlord x3  
  145  14:47  Overlord  
  137  15:32  Roach  
  137  15:33  Roach x12  
Show
View Real Time Build Order
Export as new Build Order

ROADKILL Protoss 

Build Orders: 1 Gate Expand 

Get SALT Encoding   

  12  0:03  Probe (Chrono Boost)  
  14  0:14  Probe (Chrono Boost)  
  14  0:19  Pylon  
  14  0:25  Probe (Chrono Boost)  
  15  0:32  Assimilator  
  15  0:42  Gateway  
  15  0:44  Probe (Chrono Boost)  
  16  0:54  Probe (Chrono Boost)  
  17  1:27  Probe (Chrono Boost)  
  17  1:30  Cybernetics Core  
  18  1:37  Probe (Chrono Boost)  
  18  1:39  Nexus  
  19  1:48  Probe (Chrono Boost)  
  20  1:58  Probe (Chrono Boost)  
  21  2:05  Gateway  
  21  2:09  Probe (Chrono Boost)  
  21  2:12  Warp Gate  
  22  2:22  Pylon  
  22  2:36  Robotics Facility  
  22  2:41  Gateway  
  22  2:50  Probe (Chrono Boost)  
  23  2:51  Assimilator  
  23  2:56  Probe (Chrono Boost)  
  24  3:00  Probe (Chrono Boost)  
  25  3:11  Probe (Chrono Boost)  
  26  3:16  Stalker  
  28  3:28  Immortal  
  28  3:33  Zealot  
  34  3:53  Pylon  
  32  4:27  Probe (Chrono Boost)  
  32  4:30  Pylon  
  33  4:34  Stalker x2  
  33  4:35  Stalker  
  39  4:40  Pylon  
  39  4:49  Nexus  
  39  4:50  Pylon  
  39  4:53  Pylon  
  39  4:58  Warp Prism  
  41  5:07  Pylon  
  41  5:15  Pylon  
  41  5:23  Assimilator  
  41  5:33  Adept x2  
  41  5:34  Adept  
  47  5:47  Pylon  
  47  5:57  Stalker x2  
  47  5:59  Adept  
  53  6:07  Probe (Chrono Boost)  
  54  6:17  Probe x2 (Chrono Boost)  
  56  6:26  Zealot  
  56  6:28  Probe (Chrono Boost)  
  59  6:41  Zealot x2  
  63  6:51  Zealot  
  57  7:07  Stalker x2  
  61  7:10  Immortal  
  65  7:17  Zealot  
  65  7:37  Gateway  
  63  7:48  Assimilator  
  63  7:50  Immortal  
  63  8:03  Gateway  
  63  8:13  Gateway  
  63  8:14  Gateway  
  63  8:18  Gateway  
  63  8:20  Gateway  
  63  8:24  Stalker  
  63  8:26  Adept x2  
  69  8:33  Probe (Chrono Boost)  
  70  8:35  Probe (Chrono Boost)  
  71  8:44  Probe (Chrono Boost)  
  71  8:45  Probe (Chrono Boost)  
  73  8:49  Robotics Bay  
  73  8:54  Probe (Chrono Boost)  
  74  8:56  Probe (Chrono Boost)  
  74  8:58  Gateway  
  75  9:05  Probe (Chrono Boost)  
  75  9:06  Probe (Chrono Boost)  
  75  9:07  Pylon  
  75  9:08  Pylon  
  75  9:09  Pylon  
  77  9:10  Pylon  
  77  9:15  Probe (Chrono Boost)  
  79  9:17  Probe (Chrono Boost)  
  79  9:27  Probe (Chrono Boost)  
  79  9:29  Immortal  
  84  9:34  Zealot  
  84  9:38  Probe (Chrono Boost)  
  87  10:04  Zealot x2  
  87  10:05  Zealot x2  
  87  10:06  Zealot  
  97  10:07  Zealot  
  97  10:08  Zealot  
  97  10:09  Immortal  
  97  10:10  Zealot  
  81  10:47  Colossus  
  87  10:58  Stalker x2  
  87  10:59  Zealot x3  
  87  11:00  Zealot, Stalker  
  89  11:16  Zealot  
  74  11:29  Nexus  
  62  11:41  Colossus  
  62  11:42  Nexus  
  66  11:58  Stalker x2  
  66  11:59  Stalker x2  
  74  12:15  Pylon  
  74  12:20  Forge  
  74  12:34  Colossus  
  74  12:35  Pylon  
  80  12:43  Stalker x2  
  83  12:51  Zealot x2  
  87  13:01  Probe (Chrono Boost)  
  88  13:12  Probe (Chrono Boost), Photon Cannon  
  89  13:22  Probe (Chrono Boost)  
  90  13:28  Immortal  
  94  13:38  Stargate  
  94  13:39  Probe (Chrono Boost)  
  95  13:50  Probe (Chrono Boost)  
  96  14:00  Probe (Chrono Boost)  
  97  14:07  Warp Prism  
  99  14:11  Stalker x3  
  99  14:12  Stalker  
  99  14:14  Stalker  
  109  14:29  Nexus  
  109  14:33  Pylon  
  109  14:34  Pylon  
  109  14:42  Phoenix  
  109  14:43  Observer  
  112  14:52  Assimilator  
  112  14:56  Pylon  
  112  15:05  Observer  
  112  15:07  Phoenix  
  85  15:16  Sentry  
  85  15:17  Sentry  
  85  15:18  Stalker x2  
  85  15:19  Stalker x2  
  62  15:47  Stalker x3  
  62  15:48  Zealot, Stalker x2  
Tags
 
Add a new tag
Caveats
  • Supply blocks, unpowered buildings, or Contaminate may cause inaccurate times.
  • Supply counts are checked every 10 seconds.